 Seeded DCSS version 0.28.0-45-g0d030f2227 (webtiles) character file.

Game seed: 9376642942419055868 (custom seed)

4477 thiscave3701365 the Cleaver (level 10, -1/91 HPs)
             Began as a Hill Orc Berserker on Apr 13, 2022.
             Was a High Priest of Trog.
             Slain by a two-headed ogre
             ... wielding a +0 giant club
              (9 damage)
             ... on level 9 of the Dungeon.
             The game lasted 00:07:47 (10958 turns).

thiscave3701365 the Cleaver (Hill Orc Berserker)   Turns: 10958, Time: 00:07:47

Health: -1/91      AC: 20    Str: 31    XL:     10   Next: 38%
Magic:  19/19      EV:  7    Int:  7    God:    Trog [*****.]
Gold:   542        SH:  7    Dex: 10    Spells: 9/9 levels left

rFire   . . .      SeeInvis .   g - +3 hand axe
rCold   . . .      Faith    .   e - +0 kite shield
rNeg    . . .      Spirit   .   n - +0 plate armour
rPois   .          Reflect  .   m - +0 helmet
rElec   .          Harm     .   f - +0 cloak
rCorr   .          Rampage  .   y - +0 pair of gloves
Will    .....                   I - +2 pair of boots {Stlth+}
Stlth   ..........              (no amulet)
HPRegen 0.25/turn               l - +6 ring of strength
MPRegen 0.16/turn               a - ring of magical power

@: on berserk cooldown, slowed, very slow
A: no striking features
a: Renounce Religion, Berserk, Trog's Hand, Brothers in Arms


You were on level 9 of the Dungeon.
You worshipped Trog.
Trog was extremely pleased with you.
You visited 1 branch of the dungeon, and saw 9 of its levels.
You also visited: Ossuary.

You collected 542 gold pieces.

Inventory:

Hand Weapons
 g - a +3 hand axe (weapon)
 B - a +0 battleaxe
Missiles
 C - 2 throwing nets
Armour
 e - a +0 kite shield (worn)
 f - a +0 cloak (worn)
 m - a +0 helmet (worn)
 n - a +0 plate armour (worn)
 y - a +0 pair of gloves (worn)
 I - a +2 pair of boots of stealth (worn)
Jewellery
 a - a ring of magical power (right hand)
 l - a +6 ring of strength (left hand)
Wands
 o - a wand of paralysis (7)
 v - a wand of digging (5)
 A - a wand of iceblast (6)
 D - a wand of flame (16)
Scrolls
 d - a scroll of torment {unknown}
 h - 4 scrolls of identify {unknown}
 i - 5 scrolls of teleportation {unknown}
 p - a scroll of fear {unknown}
 s - a scroll of amnesia {unknown}
 t - 3 scrolls of vulnerability {unknown}
 u - 3 scrolls of enchant weapon {unknown}
 w - a scroll of acquirement {unknown}
 z - a scroll of fog {unknown}
 G - a scroll of silence {unknown}
 H - 2 scrolls of brand weapon {unknown}
 L - a scroll of noise {unknown}
 M - a scroll of enchant armour {unknown}
 P - a scroll of immolation {unknown}
Potions
 b - 2 potions of might {unknown}
 c - 5 potions of lignification {unknown}
 j - 4 potions of invisibility
 k - 4 potions of heal wounds {unknown}
 q - 4 potions of haste {unknown}
 r - 3 potions of resistance {unknown}
 x - a potion of ambrosia {unknown}
 E - 2 potions of berserk rage {unknown}
 F - 4 potions of curing {unknown}
 J - a potion of cancellation {unknown}
 K - 3 potions of attraction {unknown}
 N - a potion of degeneration {unknown}
 O - a potion of magic {unknown}
 Q - a potion of flight {unknown}


   Skills:
 + Level 9.2 Fighting
 + Level 14.3 Axes
 + Level 6.8 Armour
 + Level 3.0 Dodging
 + Level 1.8 Stealth
 + Level 1.9 Shields


You had 9 spell levels left.
You didn't know any spells.
Your spell library was empty.

Dungeon Overview and Level Annotations

Branches:
Dungeon (9/15)             Temple (0/1) D:5         Ossuary (visited)
   Lair: D:8-11         Orc: D:9-12

Altars:
Ashenzari
Cheibriados
Elyvilon
Gozag
Makhleb
Qazlal
Vehumet
Zin
The Shining One

Shops:
D:4 !   D:8 [

Annotations:
D:6 3 runed translucent doors, selver's ghost, novice SpBr


Message History

Trog accepts your kill.
A centaur comes into view.
Unknown command.
You are no longer berserk.
You are exhausted.
You feel yourself slow down.
You feel sick.
The centaur shouts!
The centaur wields a +0 shortbow.
The centaur shoots an arrow.
The arrow hits you but does no damage.
Items here: ( )) †.
You slash the two-headed ogre!
The two-headed ogre is moderately wounded.
You feel sick.
You are no longer poisoned.
The two-headed ogre hits you but does no damage. x2
The centaur shoots an arrow.
The arrow hits you.
Unknown command.
You barely miss the two-headed ogre.
The two-headed ogre is lightly wounded.
The centaur shoots an arrow.
You block the arrow.
The two-headed ogre hits you with a +0 giant club!!
The two-headed ogre hits you with a +0 giant spiked club!!
The centaur shoots an arrow.
You block the arrow.
You are too injured to fight recklessly!
Unknown command.
You are too injured to fight recklessly!
You are too injured to fight recklessly!
You are too injured to fight recklessly!
You barely miss the two-headed ogre.
The two-headed ogre is lightly wounded.
The centaur shoots an arrow.
You block the arrow.
The two-headed ogre hits you with a +0 giant club.
The two-headed ogre hits you with a +0 giant spiked club.
The centaur shoots an arrow.
You block the arrow.
You hit the two-headed ogre but do no damage.
The two-headed ogre is lightly wounded.
The two-headed ogre hits you with a +0 giant club!!
* * * LOW HITPOINT WARNING * * *
The two-headed ogre hits you with a +0 giant spiked club!
You die...

## #.#. #########
#.#. #.......# #.#.
#.......#
####..†##.......#
................#
.....#.)#.......#
.c....))#......#####
.######@##...###...#
#O##...# #.8.#
#K##.⌠.###...####
#.##..^.........#
#..###........<.#
... #..........#
..####.......####
.##..........#
#.>........###


You could see a two-headed ogre, a centaur and a kobold.

Vanquished Creatures
  Maurice (D:8)
  Joseph (D:8)
  Prince Ribbit (D:8)
  2 water moccasins
  An orc warrior (D:7)
  3 ice beasts
  2 sky beasts (D:8)
  4 ogres
  2 necrophages (D:7)
  A centaur (D:6)
  A phantom (D:7)
  2 kobold brigands
  3 bullfrogs
  A scorpion (D:4)
  2 gnoll sergeants
  A wyvern skeleton (D:5)
  5 killer bees (D:4)
  5 wights
  A howler monkey (D:7)
  A bullfrog zombie (D:6)
  A hound (D:4)
  4 centaur zombies
  A centaur skeleton (D:7)
  A gnoll shaman (D:6)
  3 orc priests
  6 iguanas
  2 orc wizards (D:5)
  A scorpion zombie (D:5)
  A killer bee zombie (D:6)
  3 ogre zombies (Ossuary)
  7 mummies (Ossuary)
  2 howler monkey skeletons
  Robin (D:2)
  19 gnolls
  10 adders
  5 white imps
  An adder skeleton (D:4)
  3 adder zombies (Ossuary)
  3 worms
  A dart slug (D:3)
  19 orcs
  7 bats
  4 endoplasms
  7 giant cockroaches
  5 hobgoblins
  A jackal (D:2)
  3 quokkas
  9 ball pythons
  10 goblins
  2 goblin zombies (Ossuary)
  3 hobgoblin zombies (Ossuary)
  18 kobolds
  5 kobold zombies (Ossuary)
  7 quokka zombies (Ossuary)
  4 rats
  5 rat zombies (Ossuary)
224 creatures vanquished.

Notes
Turn   | Place    | Note
-------+----------+-------------------------------------------
     0 | D:1      | thiscave3701365 the Hill Orc Berserker began the quest for
                  | the Orb.
     0 | D:1      | Reached XP level 1. HP: 19/19 MP: 1/1
   402 | D:1      | Reached XP level 2. HP: 24/27 MP: 2/2
  1123 | D:2      | Reached XP level 3. HP: 30/33 MP: 3/3
  1196 | D:2      | Noticed Robin
  1201 | D:2      | Reached ** piety under Trog
  1203 | D:2      | Killed Robin
  1279 | D:2      | Found a faded altar of an unknown god.
  1522 | D:2      | Reached skill level 5 in Axes
  1522 | D:2      | Reached XP level 4. HP: 27/41 MP: 4/4
  1959 | D:3      | Reached skill level 1 in Stealth
  2169 | D:3      | Reached XP level 5. HP: 47/47 MP: 5/5
  3319 | D:4      | Reached skill level 6 in Axes
  3614 | D:4      | Reached *** piety under Trog
  3808 | D:4      | Reached skill level 5 in Fighting
  3808 | D:4      | Reached XP level 6. HP: 56/56 MP: 6/6
  3942 | D:4      | Reached skill level 7 in Axes
  3944 | D:4      | Reached XP level 7. HP: 53/61 MP: 7/7
  4208 | D:4      | Reached skill level 8 in Axes
  4477 | D:4      | Found Feteptev's Distillery.
  4684 | D:5      | Entered Level 5 of the Dungeon
  4696 | D:5      | Found a staircase to the Ecumenical Temple.
  4713 | D:5      | Reached XP level 8. HP: 50/70 MP: 8/8
  5249 | D:5      | Found a glowing silver altar of Zin.
  5260 | D:5      | Found a stormy altar of Qazlal.
  5424 | D:5      | Reached skill level 9 in Axes
  5925 | D:6      | Found a runed translucent gate.
  5925 | D:6      | Found a runed translucent gate.
  5926 | D:6      | Found a runed translucent gate.
  5927 | D:6      | Found an opulent altar of Gozag.
  5928 | D:6      | Noticed a boulder beetle
  5928 | D:6      | Noticed selver's ghost (novice SpBr)
  6099 | D:6      | Reached skill level 10 in Axes
  6722 | D:6      | Found a glowing golden altar of the Shining One.
  6760 | D:6      | Reached skill level 5 in Armour
  6768 | D:6      | Reached skill level 11 in Axes
  6768 | D:6      | Reached XP level 9. HP: 76/76 MP: 9/9
  6864 | D:6      | Found a radiant altar of Vehumet.
  7585 | D:7      | Reached skill level 12 in Axes
  8032 | D:7      | Reached **** piety under Trog
  8789 | D:8      | Found a snail-covered altar of Cheibriados.
  8853 | D:8      | Found a sand-covered staircase.
  8928 | D:8      | Reached skill level 13 in Axes
  8972 | Ossuary  | Entered an ossuary
  9513 | D:8      | Found a burning altar of Makhleb.
  9515 | D:8      | Noticed Prince Ribbit
  9529 | D:8      | Killed Prince Ribbit
  9530 | D:8      | Reached XP level 10. HP: 90/90 MP: 10/10
  9742 | D:8      | Reached skill level 1 in Shields
  9929 | D:8      | Noticed Maurice
  9929 | D:8      | Paralysed by Maurice for 3 turns
  9934 | D:8      | Paralysed by something for 7 turns
  9943 | D:8      | Paralysed by something for 5 turns
  9994 | D:8      | Killed Maurice
 10049 | D:8      | Found a white marble altar of Elyvilon.
 10049 | D:8      | Found a faded altar of an unknown god.
 10057 | D:8      | Found a broken altar of Ashenzari.
 10059 | D:8      | Found a faded altar of an unknown god.
 10061 | D:8      | Found an opulent altar of Gozag.
 10130 | D:8      | Found Ocwadur's Antique Armour Emporium.
 10258 | D:8      | Reached skill level 14 in Axes
 10587 | D:8      | Noticed Joseph
 10599 | D:8      | Killed Joseph
 10944 | D:9      | Reached ***** piety under Trog
 10945 | D:9      | Noticed a two-headed ogre
 10958 | D:9      | Slain by a two-headed ogre

Illustrated notes

Levels and vault maps discovered:
D:1:      lightli_arrival_windingriver, layout_basic
D:2:      layout_basic, ebering_ecumenical_altar_webs, minmay_tetromino_t2,
          uniq_robin
D:3:      layout_loops_ring, minmay_diced_spiral
D:4:      minmay_diamond_boxcup, layout_basic, serial_shops,
          kennysheep_mini_moat, minmay_misc_feat_alley, minmay_hedge_maze
D:5:      layout_loops_ring, nicolae_qazlal_general_emergency,
          mainiacjoe_overflow_surrounded_room, minmay_temple_entry_offerings
D:6:      layout_basic, lemuel_doored_altar, old_standard_altar,
          ebering_ghost_gozag, amethyst_killhole
D:7:      layout_loops_corners
D:8:      hellmonk_crumbling_castle, layout_loops_ring, bloody_makhleb,
          chequers_temple_overflow_minitemple, amcnicky_altar_gilded,
          enter_bailey_2, serial_shops, nicolae_lakefront_shop,
          chequers_ossuary_entry_cave, kennysheep_small_square, uniq_maurice,
          uniq_prince_ribbit1, uniq_joseph
D:9:      gammafunk_cloud_chamber, layout_rooms,
          mainiacjoe_overflow_six_doors_small, grunt_decor_cap,
          nicolae_elevator_lobby_asterisk

Skill      XL: |  1  2  3  4  5  6  7  8  9 10 |
---------------+-------------------------------+-----
Fighting       | 4 5 7 8 9 |  9.2
Axes           | 5 6 7 8 11 13 14 | 14.3
Dodging        | 2 3 |  3.0
Stealth        | 1 |  1.8
Armour         | 3 4 5 6 |  6.8
Shields        | 1 |  1.9

Action                   |  1- 3 |  4- 6 |  7- 9 | 10-12 || total
-------------------------+-------+-------+-------+-------++-------
Melee: Hand axe          |    76 |   112 |   429 |    91 ||   708
       Punch             |     2 |       |     2 |       ||     4
Invok: Berserk           |     1 |     5 |    10 |     4 ||    20
 Stab: Sleeping          |     1 |       |       |       ||     1
Armor: Animal skin       |    15 |    16 |       |       ||    31
       Plate armour      |       |    39 |   181 |    54 ||   274
Dodge: Dodged            |    39 |    63 |   136 |    12 ||   250
Block: Kite shield       |       |       |    19 |    24 ||    43
